 Dungeon Crawl Stone Soup version 0.26-a0-812-g31a745ddcd (webtiles) character file.

Game seed: 18037788956132794395

177 tilp the Slinger (level 5, -1/34 HPs)
             Began as a Halfling Hunter on Nov 25, 2020.
             Killed by divine providence
             ... invoked by an orc priest
              (9 damage)
             ... on level 2 of the Dungeon.
             The game lasted 00:03:47 (2637 turns).

tilp the Slinger (Halfling Hunter)                  Turns: 2637, Time: 00:03:47

Health: -1/34      AC:  8    Str: 14    XL:     5   Next: 88%
Magic:  5/5        EV:  8    Int:  9    God:
Gold:   161        SH:  0    Dex: 15    Spells: 4/4 levels left

rFire    . . .     SeeInvis .   a - +1 hunting sling
rCold    . . .     Faith    .   (shield restricted)
rNeg     . . .     Spirit   .   k - +0 chain mail (curse)
rPois    .         Reflect  .   (no helmet)
rElec    .         Harm     .   (no cloak)
rCorr    .         Rampage  .   (no gloves)
MR       .....                  (no boots)
Stlth    ..........             (no amulet)
HPRegen  0.11/turn              (no ring)
MPRegen  0.09/turn              (no ring)

@: no status effects
A: small, mutation resistance 1
a: no special abilities


You were on level 2 of the Dungeon.
You visited 1 branch of the dungeon, and saw 3 of its levels.

You collected 161 gold pieces.

Inventory:

Hand Weapons
 a - a +1 hunting sling (weapon)
 b - a +0 short sword
 f - a +1 vampiric spear
 q - a +2 dagger of draining
Missiles
 d - 41 sling bullets
 e - 49 stones (quivered)
 l - 5 atropa-tipped darts
Armour
 k - a cursed +0 chain mail (worn)
Jewellery
 n - a cursed -4 ring of intelligence {unknown}
Scrolls
 h - 2 scrolls of teleportation
 m - 2 scrolls of magic mapping {unknown}
 r - a scroll of blinking {unknown}
Potions
 c - a potion of might {unknown}
 g - a potion of resistance
 i - 2 potions of heal wounds {unknown}
 j - 3 potions of curing
 o - a potion of magic {unknown}
 p - a potion of degeneration {unknown}


   Skills:
 - Level 1.7 Fighting
 + Level 9.6 Slings
 - Level 2.1 Dodging
 - Level 1.1 Stealth


You had 4 spell levels left.
You didn't know any spells.
Your spell library was empty.

Dungeon Overview and Level Annotations

Branches:
Dungeon (3/15)

Altars:
Cheibriados


Innate Abilities, Weirdness & Mutations

You are small and have problems with some larger weapons.
You are somewhat resistant to further mutation.


Message History

You shoot a stone. The stone barely misses the orc priest.
The orc priest hits you with a +0 short sword.
* * * LOW HITPOINT WARNING * * *
The kobold throws a stone.
The stone barely misses you.
Firing (i - inventory. (/) - cycle)
e - 50 stones (quivered)
Press: ? - help, Shift-Dir - straight line, f/p - orc priest
Aim: an orc priest, wielding a +0 short sword and wearing a +0 chain mail (severely wounded)
You shoot a stone.
The stone hits the orc priest but does no damage.
The orc priest is severely wounded.
There is a stone staircase leading up here.
The orc priest barely misses you. The orc hits you but does no damage.
You climb upwards.
There is a stone staircase leading down here.
Unknown command.
The orc priest hits you with a +0 short sword.
* * * LOW HITPOINT WARNING * * *
The orc priest invokes the aid of Beogh against you.
Beogh smites you!
You die...

#...###....# ########
...........####......#
#...###..............#
.......†.)..###.###..#
##.####.....# #......#
...# ##.#### #>.###.#
#### ##+## #oo###.# #
##...## #......# #
##.....## ##@##### #
##.......## #.#.##
####.........###....##
...'.........'.......#
####.........####...##
#####.......## #..##
..# ##.....## #.## #.#
##...## #.# #.# ##'##
#.#


You could see an orc priest and an orc.

Vanquished Creatures
  A sky beast (D:2)
  An adder (D:2)
  4 worms
  2 dart slugs
  An orc (D:3)
  A ball python (D:2)
  11 bats
  6 giant cockroaches
  6 goblins
  10 hobgoblins
  2 quokkas
  A frilled lizard (D:1)
  6 kobolds
  5 rats
57 creatures vanquished.

Notes
Turn   | Place    | Note
-------+----------+-------------------------------------------
     0 | D:1      | tilp the Halfling Hunter began the quest for the Orb.
     0 | D:1      | Reached XP level 1. HP: 14/14 MP: 1/1
    22 | D:1      | Reached skill level 6 in Slings
   353 | D:1      | Reached XP level 2. HP: 19/19 MP: 2/2
   677 | D:1      | Reached skill level 7 in Slings
   677 | D:1      | Reached XP level 3. HP: 24/24 MP: 3/3
  1450 | D:2      | Noticed a sky beast
  1486 | D:2      | Killed a sky beast
  1486 | D:2      | Reached skill level 9 in Slings
  1486 | D:2      | Reached XP level 4. HP: 19/29 MP: 4/4
  1486 | D:2      | Reached XP level 5. HP: 23/34 MP: 5/5
  2006 | D:3      | Found a snail-covered altar of Cheibriados.
  2637 | D:2      | Killed from afar by an orc priest

Illustrated notes

Levels and vault maps discovered:
D:1:      nzn_arrival_water_spiral, layout_basic, serial_bayou_pond_e,
          st_stairs_4
D:2:      layout_loops_corners, minmay_unequal
D:3:      layout_loops_ring, kennysheep_slug_shrine

Skill      XL: |  1  2  3 |
---------------+----------+-----
Slings         | 6 7 9 |  9.6
Fighting       | |  1.7
Dodging        | |  2.1
Stealth        | |  1.1

Action                   |  1- 3 |  4- 6 || total
-------------------------+-------+-------++-------
Melee: Short sword       |    51 |     1 ||    52
 Fire: Hunting sling     |    59 |    83 ||   142
  Use: Scroll            |     1 |     2 ||     3
Armor: Leather armour    |     4 |       ||     4
       Ring mail         |     1 |       ||     1
       Chain mail        |    41 |    13 ||    54
Dodge: Dodged            |    46 |     7 ||    53

Table legend: (Time is in decaauts)
 A = Elapsed time spent in this place.
 B = Non-inter-level travel time spent in this place.
 C = Inter-level travel time spent in this place.
 D = Time resting spent in this place.
 E = Time spent auto-exploring this place.
 F = Levels seen in this place.
 G = Mean time per level.
                   A        B        C        D        E       F      G
               +--------+--------+--------+--------+--------+-----+--------+
         Total |   2598 |   2436 |    162 |    268 |   1789 |   3 |  866.0 |
       Dungeon |   2598 |   2436 |    162 |    268 |   1789 |   3 |  866.0 |
               +--------+--------+--------+--------+--------+-----+--------+

Top non-repeatable levels by time:
     D:2: 975 daAuts
     D:1: 968 daAuts
     D:3: 654 daAuts
